 Dungeon Crawl Stone Soup version 0.31-a0-1616-gbeaec30b81 (webtiles) character file.

Game seed: 5290135518266675878

100095 Ge0ff the Marksmerfolk (level 16, -23/116 HPs)
             Began as a Merfolk Shapeshifter on Jan 10, 2024.
             Was a High Priest of Hepliaklqana.
             Annihilated by an ettin
             ... wielding a +0 dire flail
              (48 damage)
             ... on level 15 of the Dungeon.
             The game lasted 00:55:05 (28014 turns).

Ge0ff the Marksmerfolk (Merfolk Shapeshifter)      Turns: 28014, Time: 00:55:06

Health: -23/116    AC: 19    Str: 17    XL:     16   Next: 26%
Magic:  0/31       EV: 12    Int: 10    God:    Hepliaklqana [*****.]
Gold:   2325       SH:  0    Dex: 21    Spells: 15/15 levels left

rFire   . . .        a - +3 longbow (chaos)
rCold   + . .        (shield currently unavailable)
rNeg    . . .        g - +0 swamp dragon scales
rPois   +            y - +1 helmet
rElec   .            U - scarf {repulsion}
rCorr   .            x - +2 pair of gloves
SInv    .            Q - +0 pair of boots
Will    ++...        l - amulet of the Taurataur {Spirit Rampage Dex+3}
Stlth   ++           h - ring "Tolah" {rC+ Will+ MP+9, =R}
HPRegen 0.39/turn    Z - +4 ring of protection
MPRegen 0.22/turn

%: repel missiles, guardian spirit, rampage
@: about to teleport
A: reduced essence, (nimble swimmer 2), mertail
a: Renounce Religion, Recall Ancestor, Ancestor Identity, Transference, Idealise


You were on level 15 of the Dungeon.
You worshipped Hepliaklqana.
Hepliaklqana was extremely pleased with you.
You visited 4 branches of the dungeon, and saw 23 of its levels.

You collected 2731 gold pieces.
You spent 406 gold pieces at shops.

Inventory:

Hand Weapons
 a - a +3 longbow of chaos (weapon)
 b - the +10 dagger "Kuit" {holy, MP+9 Int-4 Dex+9 SInv}
   (You found it on level 13 of the Dungeon)

   Int-4:     It affects your intelligence (-4).
   Dex+9:     It affects your dexterity (+9).
   MP+9:      It affects your magic capacity (+9).
   SInv:      It lets you see invisible.
Missiles
 d - 13 javelins
 t - 6 atropa-tipped darts
 D - 58 poisoned darts
Armour
 g - +0 swamp dragon scales (worn)
 p - the +1 robe "Raoz" {rElec SInv}
   (You found it on level 11 of the Dungeon)

   rElec:     It insulates you from electricity.
   SInv:      It lets you see invisible.
 v - the +1 leather armour of the Wumpus {+Blink rF+}
   (You took it off a wight on level 9 of the Dungeon)

   rF+:       It protects you from fire.
   +Blink:    It lets you blink.
 x - a +2 pair of gloves (worn)
 y - a +1 helmet (worn)
 M - +0 acid dragon scales
 Q - a +0 pair of boots (worn)
 U - a scarf of repulsion (worn)
Jewellery
 h - the ring "Tolah" (left hand) {rC+ Will+ MP+9, =R}
   (You found it on level 11 of the Dungeon)

   [ring of magical power]

   rC+:       It protects you from cold.
   Will+:     It increases your willpower.
   MP+9:      It affects your magic capacity (+9).
 i - a ring of flight
 l - the amulet of the Taurataur (around neck) {Spirit Rampage Dex+3}
   (You acquired it on level 4 of the Dungeon)

   [amulet of guardian spirit]

   Spirit:    It causes incoming damage to be divided between your reserves of
   health and magic.
   Dex+3:     It affects your dexterity (+3).
   Rampage:   It bestows one free step when moving towards enemies.
 B - a +6 ring of strength
 Y - a ring of willpower
 Z - a +4 ring of protection (right hand)
Talismans
 c - a beast talisman
Wands
 e - a wand of charming (5)
 f - a wand of flame (7)
 j - a wand of quicksilver (2)
 r - a wand of roots (6)
 s - a wand of mindburst (3)
 P - a wand of polymorph (4)
Scrolls
 m - 2 scrolls of revelation
 C - a scroll of poison
 E - 2 scrolls of fear
 F - 2 scrolls of fog
 G - 3 scrolls of enchant armour
 S - a scroll of summoning
 T - 7 scrolls of teleportation
 V - 3 scrolls of vulnerability
Potions
 k - a potion of ambrosia {unknown}
 o - a potion of brilliance {unknown}
 q - 9 potions of curing
 u - 4 potions of mutation {!q}
 w - 3 potions of enlightenment {unknown}
 z - a potion of might {unknown}
 A - 5 potions of attraction
 H - 2 potions of haste {!q}
 I - 2 potions of invisibility
 J - 3 potions of berserk rage {unknown}
 K - 2 potions of magic {!q}
 L - 2 potions of lignification
 N - 3 potions of degeneration {unknown}
 R - a potion of resistance
 W - 2 potions of heal wounds {!q}
 X - 4 potions of cancellation {unknown}
Miscellaneous
 n - a phial of floods (inert)
 O - a box of beasts


   Skills:
 + Level 12.8 Fighting
 * Level 18.9 Ranged Weapons
 - Level 5.0 Armour
 - Level 2.6 Dodging
 - Level 2.0 Stealth
 - Level 5.0 Unarmed Combat
 + Level 8.4 Invocations
 + Level 6.6 Evocations
 - Level 7.0 Shapeshifting


You had 15 spell levels left.
You didn't know any spells.
Your spell library contained the following spells:

 Spells                   Type           Power      Damage    Failure   Level
 Freeze                   Ice            0%         1d3       54%         1
 Magic Dart               Conj           0%         1d3       54%         1
 Shock                    Conj/Air       0%         1d3       54%         1
 Blink                    Tloc           0%         N/A       69%         2
 Call Imp                 Summ           0%         N/A       69%         2
 Cigotuvi's Dreadful Rot  Necr/Alch/Air  0%         N/A       69%         2
 Lesser Beckoning         Tloc           0%         N/A       69%         2
 Momentum Strike          Conj/Tloc      0%         3d8       69%         2
 Searing Ray              Conj           0%         2d4       69%         2
 Frozen Ramparts          Ice            0%         1d1       89%         3
 Fugue of the Fallen      Necr           0%         N/A       89%         3
 Hailstorm                Conj/Ice       0%         3d5       89%         3
 Inner Flame              Hex/Fire       0%         N/A       89%         3
 Ozocubu's Armour         Ice            0%         N/A       89%         3
 Summon Ice Beast         Ice/Summ       0%         N/A       89%         3
 Swiftness                Air            0%         N/A       89%         3
 Airstrike                Air            0%         2d(0-16)  100%        4
 Anguish                  Hex/Necr       0%         N/A       100%        4
 Cause Fear               Hex            0%         N/A       100%        4
 Flame Wave               Conj/Fire      0%         2d4       100%        4
 Fulminant Prism          Conj/Alch      0%         3d5       100%        4
 Manifold Assault         Tloc           0%         N/A       100%        4
 Sticky Flame             Fire/Alch      0%         2d4       100%        4
 Summon Blazeheart Golem  Fire/Summ      0%         N/A       100%        4
 Iskenderun's Battlesphe  Conj           0%         2d6       100%        5
 Bombard                  Conj/Erth      0%         9d1       100%        6
 Dispersal                Tloc           0%         N/A       100%        6
 Sculpt Simulacrum        Ice/Alch       0%         N/A       100%        6
 Enfeeble                 Hex            0%         N/A       100%        7
 Orb of Destruction       Conj           0%         9d5       100%        7
 Spellforged Servitor     Conj/Summ      0%         N/A       100%        7
 Disjunction              Tloc           0%         N/A       100%        8
 Lehudib's Crystal Spear  Conj/Erth      0%         10d2      100%        8
 Fire Storm               Conj/Fire      0%         5d1       100%        9


Dungeon Overview and Level Annotations

Branches:
Dungeon (15/15) Zot: 26905  Temple (1/1) D:6 Zot: 5963    Lair (5/5) D:9 Zot: 21344
  Swamp (0/4) Lair:2        Snake (0/4) Lair:3        Slime (0/5) Lair:5
    Orc (2/2) D:12 Zot: 9923     Elf (0/3) Orc:2        Vaults (0/5) D:14
 Depths (0/4) D:15

Altars:
Ashenzari
Cheibriados
Dithmenos
Elyvilon
Fedhas
Gozag
Hepliaklqana
Kikubaaqudgha
Makhleb
Nemelex Xobeh
Okawaru
Qazlal
Ru
Sif Muna
Trog
Uskayaw
Vehumet
Wu Jian
Xom
Yredelemnul
Zin
The Shining One
Jiyva

Shops:
D:7 (   D:8 *   D:12 (   D:14 :*[(   Orc:2 [(*[

Annotations:
D:13 2 transporters, Xet Mago's ghost, journeyman TeSu
D:14 3 runed translucent doors, temujin's ghost, journeyman HuFi
Lair:3 2 transporters, kal9871's ghost, journeyman DsBe
Lair:4 2 transporters


Innate Abilities, Weirdness & Mutations

Your life essence is reduced to manifest your ancestor. (-10% HP)
((You are very nimble when in or above water. (Stealth+, EV+, Speed+++)))
Your lower body shifts to a powerful aquatic tail in water.


Message History

HP restored.
You swap places.
You see here an ugly thing corpse.
A tengu conjurer comes into view.
A tengu conjurer is nearby!
You shoot an arrow. The arrow misses the tengu conjurer.
Prince Eric hits the tengu conjurer with a +0 broad axe of flaming!!
Prince Eric burns the tengu conjurer.
You shoot an arrow. The arrow hits the tengu conjurer!!
You kill the tengu conjurer!
You shoot an arrow. The arrow hits the ettin!
The ettin flies into a frenzy!
The ettin is lightly wounded.
The ettin hits you with a +0 dire flail!!
The ettin hits you but does no damage.
An ettin is nearby!
You swap places.
Found a staircase to the Depths.
Something closely misses Prince Eric.
Something hits Prince Eric!!
Something closely misses Prince Eric.
Something barely misses Prince Eric.
The ettin closely misses Prince Eric.
The ettin hits Prince Eric with a +0 dire flail!!!
Prince Eric is destroyed!
Fire: a) +3 longbow (chaos)
Press: ? - help, Q - select action, (/) - cycle Shift-Dir - straight line, f/p - ettin
Aim: an ettin, wielding two +0 dire flails (lightly wounded, fast, strong, frenzied and wild, unaware, 88% to hit)
You shoot an arrow.
The arrow hits the ettin but does no damage.
The ettin is lightly wounded.
Aim the phial where?
Press: ? - help, Shift-Dir - straight line, f/p - ettin
Aim: an ettin, wielding two +0 dire flails (lightly wounded, fast, strong, frenzied and wild, 94% to hit)
The torrent of water hits the ettin!
The ettin is moderately wounded.
The ettin is knocked back by the torrent of water.
The ettin is engulfed in water.
The wave splashes down.
Your legs become a tail as you dive into the water.
Your +0 pair of boots melds into your body.
Floosh!
You hear a shout! x3
As you read the scroll of teleportation, it crumbles to dust.
You feel strangely unstable. The ettin barely misses you.
The ettin hits you with a +0 dire flail!!!
The ettin attacks as it pursues you! The ettin barely misses you.
The ettin hits you with a +0 dire flail!
Your +0 pair of boots unmelds from your body.
Something unseen opens the door.
The ettin hits you with a +0 dire flail!
The ettin barely misses you.
The ettin hits you with a +0 dire flail!!!
* * * LOW HITPOINT WARNING * * *
The ettin hits you with a +0 dire flail!!!
You die...

#.......#.....'..
#......##....###
.##......##....###
.........†.......#
#................#
#................#
...........†....#
#+#####....##...####
#..@..#....##...#
#'#.#C~#.....#...#
#...#~#.....#...#
#..~~[#.....#...#
#>..#~~.....#...#
####~###....#...#
..# .....+ ##.
.##### # .


You could see a neutral ettin (fast, strong, frenzied, waterlogged).

Vanquished Creatures
  Snorg (D:10)
  3 vault guards (D:14)
  3 hydras
  2 catoblepae
  4 two-headed ogres
  5 boulder beetles
  9 death yaks (Lair:4)
  A hell hog (Lair:5)
  3 orc high priests (Orc:2)
  A skyshark (Lair:5)
  5 skeletal warriors (D:12)
  A swamp dragon (D:11)
  9 orc knights
  A deep elf pyromancer (D:14)
  6 ugly things
  5 cyclopes
  A manticore (D:14)
  2 orc sorcerers
  10 elephants
  2 torpor snails
  A kobold blastminer (Orc:2)
  8 cane toads
  3 black mambas
  An unseen horror (D:11)
  6 komodo dragons
  6 rime drakes
  An efreet (D:14)
  A freezing wraith (D:11)
  A yaktaur (D:11)
  A tengu conjurer (D:15)
  A merfolk (D:11)
  5 trolls
  7 polar bears (Lair:5)
  5 dream sheep
  A hornet (D:11)
  3 raiju (Lair:5)
  11 blink frogs
  13 slime creatures
  2 shadows
  9 wraiths
  38 yaks
  4 wyverns
  A basilisk (shapeshifter) (D:10)
  10 humans (D:14)
  3 basilisks
  5 wargs
  10 vampire mosquitoes
  A steam dragon (D:6)
  A naga (Lair:3)
  11 water moccasins
  2 acid dragons
  28 orc warriors
  10 hell hounds (Lair:5)
  An ice beast (D:5)
  8 black bears
  A boggart (D:14)
  5 centaurs
  4 ogres
  21 wolves
  4 phantoms
  2 kobold brigands
  8 bullfrogs
  7 scorpions
  8 wights (D:9)
  An electric eel (Lair:2)
  3 howler monkeys
  5 bombardier beetles
  7 hounds
  19 orc priests
  4 gnoll boudas
  2 jellies
  2 sleepcaps
  Ijyb (D:2)
  3 iguanas
  17 orc wizards
  7 adders
  18 gnolls
  A shadow imp (D:5)
  A white imp (D:8)
  A dart slug (D:5)
  A ribbon worm (D:3)
  50 orcs
  7 ball pythons
  4 endoplasms
  A giant cockroach (D:1)
  11 goblins
  6 hobgoblins
  A jackal (D:3)
  5 quokkas
  8 bats
  4 frilled lizards
  16 kobolds
  7 rats
566 creatures vanquished.

Vanquished Creatures (collateral kills)
  A dire elephant (Lair:5)
  A catoblepas (Lair:5)
  2 tengu warriors (D:14)
  2 orc high priests (Orc:2)
  A fire crab (D:9)
  An arcanist (D:14)
  A lindwurm (Lair:5)
  A necromancer (D:14)
  2 ugly things
  3 manticores
  2 cyclopes
  2 elephants
  A kobold blastminer (Orc:2)
  3 black mambas
  2 cane toads
  An unseen horror (shapeshifter) (D:14)
  A gargoyle (D:11)
  2 kobold demonologists (D:13)
  An efreet (D:11)
  3 rime drakes
  A freezing wraith (D:11)
  4 komodo dragons
  2 yaktaurs (D:14)
  A troll (Orc:2)
  2 polar bears (Lair:5)
  3 blink frogs
  3 wyverns
  A shadow (D:10)
  A wraith (D:11)
  12 yaks
  8 humans (D:14)
  2 basilisks
  3 wargs
  A steam dragon (Lair:2)
  3 vampire mosquitoes
  A naga (Lair:2)
  An acid dragon (D:8)
  4 hell hounds (Lair:5)
  2 water moccasins (Lair:2)
  4 black bears (Lair:5)
  8 orc warriors
  An ice beast (D:7)
  2 boggarts (D:14)
  An ogre (Orc:2)
  2 centaurs
  13 wolves
  A knight (D:15)
  3 kobold brigands
  A bullfrog (Lair:2)
  A scorpion (Lair:2)
  A killer bee (D:11)
  10 orc priests
  A gnoll bouda (D:7)
  2 gnolls
  7 orcs
  2 kobolds
148 creatures vanquished.

Vanquished Creatures (others)
  4 ancestors
  7 knights
11 creatures vanquished.

Grand Total: 725 creatures vanquished

Notes
Turn   | Place    | Note
-------+----------+-------------------------------------------
     0 | D:1      | Ge0ff the Merfolk Shapeshifter began the quest for the Orb.
     0 | D:1      | Reached XP level 1. HP: 15/15 MP: 1/1
    55 | D:1      | Reached skill level 1 in Stealth
   236 | D:1      | Reached XP level 2. HP: 18/21 MP: 2/2
  1410 | D:2      | Noticed Ijyb
  1429 | D:2      | Reached XP level 3. HP: 27/27 MP: 3/3
  1570 | D:2      | Killed Ijyb
  1571 | D:2      | Reached XP level 4. HP: 33/33 MP: 4/4
  1968 | D:2      | Found a glowing golden altar of the Shining One.
  2570 | D:3      | Noticed a bullfrog
  2577 | D:3      | Killed a bullfrog
  2578 | D:3      | Reached skill level 5 in Unarmed Combat
  2578 | D:3      | Reached skill level 5 in Shapeshifting
  2578 | D:3      | Reached XP level 5. HP: 24/38 MP: 5/5
  3307 | D:4      | Identified a scroll of acquirement
  3308 | D:4      | Acquired the amulet of the Taurataur {Spirit Rampage Dex+3}
  3605 | D:4      | Noticed a black bear
  3607 | D:4      | Killed a black bear
  3608 | D:4      | Reached skill level 1 in Ranged Weapons
  3608 | D:4      | Reached XP level 6. HP: 44/44 MP: 6/6
  3847 | D:4      | Reached skill level 2 in Ranged Weapons
  4033 | D:4      | Reached XP level 7. HP: 50/50 MP: 7/7
  4371 | D:5      | Entered Level 5 of the Dungeon
  4615 | D:5      | Reached skill level 3 in Ranged Weapons
  4672 | D:5      | Reached skill level 4 in Ranged Weapons
  4724 | D:5      | Reached XP level 8. HP: 53/60 MP: 6/8
  5198 | D:5      | Reached skill level 5 in Ranged Weapons
  5685 | D:6      | Reached skill level 5 in Fighting
  5702 | D:6      | Found a staircase to the Ecumenical Temple.
  5728 | D:6      | Reached skill level 6 in Ranged Weapons
  5734 | Temple   | Found a transporter.
  5734 | Temple   | Found a transporter.
  5734 | Temple   | Found a transporter.
  5734 | Temple   | Found a transporter.
  5734 | Temple   | Entered the Ecumenical Temple
  5754 | Temple   | Became a worshipper of Hepliaklqana the Forgotten
  5930 | D:6      | Found a hide-covered altar of Uskayaw.
  5933 | D:6      | Found an ornate altar of the Wu Jian Council.
  6190 | D:6      | Reached XP level 9. HP: 61/68 MP: 7/9
  6424 | D:6      | Reached skill level 7 in Ranged Weapons
  6753 | D:6      | Found a blossoming altar of Fedhas.
  6835 | D:7      | Found an iron altar of Okawaru.
  7146 | D:7      | Reached skill level 8 in Ranged Weapons
  7246 | D:7      | Reached skill level 9 in Ranged Weapons
  7426 | D:7      | Reached * piety under Hepliaklqana
  7489 | D:7      | Found Gocaok's Weapon Boutique.
  7710 | D:7      | Reached XP level 10. HP: 66/66 MP: 10/10
  7810 | D:7      | Found a broken altar of Ashenzari.
  7810 | D:7      | Found an opulent altar of Gozag.
  7811 | D:7      | Found a burning altar of Makhleb.
  7862 | D:8      | Found Voheos Joa's Assorted Antiques.
  7878 | D:8      | Bought a grey potion for 27 gold pieces
  7878 | D:8      | Bought a grey potion for 27 gold pieces
  7878 | D:8      | Bought a scroll labelled ABINKE MUERCHOL for 31 gold pieces
  7878 | D:8      | Bought a scroll labelled QUFIUM QUNGEYM for 31 gold pieces
  7878 | D:8      | Bought a glowing bone wand for 124 gold pieces
  7878 | D:8      | Bought a scroll of identify for 62 gold pieces
  7969 | D:8      | Reached skill level 10 in Ranged Weapons
  8324 | D:8      | Found a radiant altar of Vehumet.
  8563 | D:9      | Noticed a two-headed ogre
  8570 | D:9      | Killed a two-headed ogre
  8571 | D:9      | Reached skill level 1 in Invocations
  8571 | D:9      | Reached skill level 1 in Evocations
  8711 | D:9      | Identified the +1 leather armour of the Wumpus {+Blink rF+}
  8953 | D:9      | Found a snail-covered altar of Cheibriados.
  9140 | D:9      | Found a staircase to the Lair.
  9140 | D:9      | Noticed a fire crab
  9474 | D:10     | Entered Level 10 of the Dungeon
  9494 | D:10     | Reached skill level 11 in Ranged Weapons
  9647 | D:10     | Reached XP level 11. HP: 46/72 MP: 5/13
  9741 | D:10     | Noticed Snorg
  9854 | D:10     | Reached ** piety under Hepliaklqana
  9855 | D:10     | Remembered your ancestor Prince Eric as a knight
 11107 | D:11     | Noticed a cyclops
 11117 | D:11     | Killed a cyclops
 11740 | D:11     | Noticed a cyclops
 11753 | D:11     | Killed a cyclops
 11754 | D:11     | Reached skill level 5 in Invocations
 12017 | D:11     | Reached skill level 12 in Ranged Weapons
 12141 | D:11     | Noticed a death knight
 12240 | D:11     | Noticed a manticore
 12249 | D:11     | Killed a manticore
 12434 | D:11     | Noticed a swamp dragon
 12446 | D:11     | Killed a swamp dragon
 12447 | D:11     | Reached skill level 5 in Evocations
 12565 | D:11     | Reached *** piety under Hepliaklqana
 12585 | D:11     | Identified the ring "Tolah" {rC+ Will+ MP+9}
 12642 | D:11     | Noticed an orc knight
 12656 | D:11     | Killed an orc knight
 12659 | D:11     | Reached XP level 12. HP: 47/82 MP: 14/16
 12826 | D:11     | Identified the +1 robe "Raoz" {rElec SInv}
 12841 | D:11     | Got the Precepts of Prime Lightning
 13691 | D:11     | a death knight changed into a merfolk
 13997 | Lair:1   | Entered Level 1 of the Lair of Beasts
 14353 | Lair:1   | Reached skill level 1 in Armour
 14446 | Lair:1   | Noticed a four-headed hydra
 14470 | Lair:1   | Killed a four-headed hydra
 14963 | Lair:2   | Reached skill level 13 in Ranged Weapons
 15279 | Lair:2   | Noticed a boulder beetle
 15289 | Lair:2   | Killed a boulder beetle
 15567 | Lair:2   | Found a staircase to the Swamp.
 15891 | Lair:2   | Reached XP level 13. HP: 82/90 MP: 18/18
 16061 | Lair:2   | Reached skill level 10 in Fighting
 16382 | Lair:2   | Reached **** piety under Hepliaklqana
 16649 | Lair:3   | Found a staircase to the Snake Pit.
 16901 | Lair:2   | Reached skill level 14 in Ranged Weapons
 18003 | Lair:3   | Found a transporter.
 18033 | Lair:3   | Found a transporter.
 18034 | Lair:3   | Noticed kal9871's ghost (journeyman DsBe)
 18557 | Lair:4   | Reached skill level 5 in Armour
 18937 | Lair:4   | Found a transporter.
 18986 | Lair:4   | Reached ***** piety under Hepliaklqana
 19171 | Lair:4   | Reached XP level 14. HP: 101/101 MP: 19/19
 19178 | Lair:4   | Reached skill level 15 in Ranged Weapons
 19603 | Lair:4   | Found a transporter.
 19843 | Lair:5   | Entered Level 5 of the Lair of Beasts
 20200 | Lair:5   | Found a staircase to the Slime Pits.
 20200 | Lair:5   | Found a viscous altar of Jiyva.
 20769 | Lair:5   | Reached skill level 16 in Ranged Weapons
 21702 | Lair:5   | Acquired a +1 longbow of electrocution
 22389 | Lair:5   | Noticed a dire elephant
 22413 | Lair:5   | Killed a dire elephant
 22414 | Lair:5   | Reached skill level 17 in Ranged Weapons
 22469 | Lair:5   | Reached XP level 15. HP: 87/108 MP: 20/20
 23007 | D:12     | Found Jogh's Weapon Shoppe.
 23256 | D:12     | Found a staircase to the Orcish Mines.
 23575 | Orc:1    | Entered Level 1 of the Orcish Mines
 23666 | Orc:1    | You fall into a shaft and drop 1 floor!
 23666 | Orc:2    | Entered Level 2 of the Orcish Mines
 23666 | Orc:2    | Found Kujyef's Armour Shoppe.
 23666 | Orc:2    | Found Syigoac's General Store.
 23783 | Orc:2    | Found a staircase to the Elven Halls.
 24615 | Orc:2    | Reached skill level 18 in Ranged Weapons
 25391 | Orc:2    | Found Idghung's Antique Armour Shoppe.
 25392 | Orc:2    | Found Iba Ops's Antique Weapon Shoppe.
 25400 | Orc:2    | Bought a scroll of vulnerability for 52 gold pieces
 25400 | Orc:2    | Bought a scroll of poison for 52 gold pieces
 25824 | D:10     | Killed Snorg
 25921 | D:13     | Identified the +10 dagger "Kuit" {holy, MP+9 Int-4 Dex+9
                  | SInv}
 25958 | D:13     | Noticed Xet Mago's ghost (journeyman TeSu)
 25959 | D:13     | Found a transporter.
 25960 | D:13     | Noticed an iron dragon
 26142 | D:13     | Found a transporter.
 26633 | D:14     | Found Diniut's Antique Weapon Shoppe.
 26681 | D:14     | Reached XP level 16. HP: 116/116 MP: 21/21
 26953 | D:14     | Found Joge Gan's Armour Shoppe.
 27141 | D:14     | Found Bato's General Store.
 27171 | D:14     | Found an opulent altar of Gozag.
 27369 | D:14     | Found a runed translucent gate.
 27370 | D:14     | Found a runed translucent gate.
 27370 | D:14     | Found a runed translucent gate.
 27370 | D:14     | Noticed temujin's ghost (journeyman HuFi)
 27756 | D:14     | Found a gate to the Vaults.
 27813 | D:14     | Found Koiweh's Book Shop.
 27916 | D:15     | Entered Level 15 of the Dungeon
 28007 | D:15     | Found a staircase to the Depths.
 28014 | D:15     | Annihilated by an ettin

Illustrated notes

Levels and vault maps discovered:
D:1:      lightli_arrival_lavapool, layout_basic
D:2:      kennysheep_the_goblin_king, layout_basic, basic_altar,
          guppyfry_early_lair_pool
D:3:      minmay_evil_eye, layout_loops_ring, hangedman_decor_push
D:4:      layout_gridville
D:5:      old_forge, layout_loops_ring, serial_aquarium, aquarium_bridge_square
          [aquarium_subvault_bridge, aquarium_subvault_bridge,
          aquarium_subvault_window, aquarium_subvault_bridge],
          aquarium_bridge_square [aquarium_subvault_wall,
          aquarium_subvault_window, aquarium_subvault_bridge,
          aquarium_subvault_balcony], aquarium_window_corridor_3,
          aquarium_window_1, aquarium_view_2e, aquarium_pool_1,
          minmay_fractal_squares_5
D:6:      layout_basic, kennysheep_mini_moat, grunt_temple_overflow_open,
          minmay_temple_entry_ruins, chequers_mini_garden
D:7:      layout_loops_ring, okawaru_trees_1, gammafunk_temple_overflow_claw,
          serial_shops, shop
D:8:      layout_gridville, mainiacjoe_overflow_paths, serial_shops,
          nicolae_shop_overgrown_old_shop
D:9:      layout_basic, slow_altar_1, minmay_lair_entry_lava, minmay_holes
D:10:     layout_stronghold, uniq_snorg
D:11:     minmay_the_grid_plus_closed [minmay_the_grid_expand,
          minmay_the_grid_armoury, minmay_the_grid_square_x,
          minmay_the_grid_dragon_a, minmay_the_grid_prize_trominoes],
          layout_gridville
D:12:     layout_gridville, david_orc_1_choice, serial_shops,
          nicolae_shop_waterfront, kb_lookout_dungeons_type
D:13:     layout_long_grid, gammafunk_ghost_arena, pond
D:14:     layout_basic, grunt_vaults_entry_tiered,
          nicolae_gozag_cash_rules_everything_around_me, serial_shops,
          nicolae_shop_temple_entry_statues_fountains, nicolae_take_the_stairs,
          nicolae_shop_tiny_real_fake_doors, nicolae_shop_peninsula,
          ebering_ghost_rock_garden
D:15:     hangedman_depths_entry_civil_slaughter, layout_gridville,
          nicolae_trove_entry_isolated, uniq_nessos
Temple:   hellmonk_temple_divided_pantheon
Lair:1:   layout_chaotic_city, chequers_serial_rivers_small_b,
          dreamdust_mushroom_princess, grunt_megastairs_1
Lair:2:   layout_cave_pods, minmay_swamp_entry_swarm, serial_bayou_shore_a,
          grunt_megastairs_4
Lair:3:   layout_cave_shapes, guppyfry_snake_entry_island, nzn_ghost_randoct,
          lemuel_old_faithful, infiniplex_staircase_pool_2
Lair:4:   gammafunk_worm_tunnel, layout_regular_city, minivault_26
Lair:5:   hangedman_lair_caniforms_friends, layout_regular_city,
          hangedman_lair_in_review, minmay_slime_entry_pillars
Orc:1:    layout_caves, basic_altar
Orc:2:    st_orc_pillars, layout_diamond_mine, basic_altar,
          hellmonk_guarded_unrand_dark_maul

Skill      XL: |  1  2  3  4  5  6  7  8  9 10 11 12 13 14 15 16 |
---------------+-------------------------------------------------+-----
Stealth        | 2 |  2.0
Fighting       | 2 3 5 6 7 9 11 12 | 12.8
Unarmed Combat | 4 5 |  5.0
Shapeshifting  | 5 6 7 |  7.0
Ranged Weapons | 1 2 4 6 9 11 12 13 14 17 18 | 18.9
Invocations    | 3 5 7 8 |  8.4
Evocations     | 2 5 6 |  6.6
Armour         | 3 5 |  5.0
Dodging        | |  2.6

Action                     |  1- 3 |  4- 6 |  7- 9 | 10-12 | 13-15 | 16-18 || total
---------------------------+-------+-------+-------+-------+-------+-------++-------
  Melee: Unarmed           |    80 |    46 |       |       |       |       ||   126
         Punch             |     2 |     2 |       |       |       |       ||     4
   Fire: Sling             |       |    53 |   225 |   605 |   641 |       ||  1524
         Longbow           |       |       |       |       |   624 |   116 ||   740
  Throw: Stone             |     4 |     2 |       |       |       |       ||     6
         Dart              |       |       |       |     1 |       |       ||     1
         Throwing net      |       |       |       |     1 |       |       ||     1
 Invoke: Ancestor Identity |       |       |     1 |     1 |       |       ||     2
         Recall Ancestor   |       |       |       |     4 |     8 |       ||    12
         Ancestor Life: Kn |       |       |       |     1 |       |       ||     1
         Idealise          |       |       |       |       |     8 |     1 ||     9
Ability: Begin Untransform |     1 |     2 |       |       |     2 |       ||     5
  Evoke: Wand              |       |       |       |     7 |     8 |       ||    15
         Box of beasts     |       |       |       |     1 |     2 |       ||     3
         Phial of floods   |       |       |       |       |     1 |     1 ||     2
    Use: Potion            |     1 |       |       |     1 |     4 |       ||     6
         Scroll            |       |     9 |     4 |    15 |    14 |     3 ||    45
   Stab: Sleeping          |       |     1 |       |       |       |       ||     1
 Armour: Animal skin       |    27 |    28 |    60 |    33 |       |       ||   148
         Skin              |     5 |       |       |     6 |       |       ||    11
         Swamp dragon scal |       |       |       |    62 |   297 |    23 ||   382
         Leather armour    |       |       |       |     8 |       |       ||     8
  Dodge: Dodged            |    40 |    24 |    46 |    86 |   185 |     8 ||   389
   Form: Beast             |     1 |     2 |       |       |     1 |       ||     4

Table legend: (Time is in decaauts)
 A = Elapsed time spent in this place.
 B = Non-inter-level travel time spent in this place.
 C = Inter-level travel time spent in this place.
 D = Time resting spent in this place.
 E = Time spent auto-exploring this place.
 F = Levels seen in this place.
 G = Mean time per level.
                   A        B        C        D        E       F      G
               +--------+--------+--------+--------+--------+-----+--------+
         Total |  27703 |  26231 |   1472 |   3461 |  17780 |  23 | 1204.5 |
       Dungeon |  16935 |  15950 |    985 |   1329 |  11909 |  15 | 1129.0 |
        Temple |     36 |     26 |     10 |      0 |      0 |   1 |   36.0 |
          Lair |   8655 |   8321 |    334 |   1720 |   4969 |   5 | 1731.0 |
  Orcish Mines |   2076 |   1934 |    142 |    411 |    902 |   2 | 1038.0 |
               +--------+--------+--------+--------+--------+-----+--------+

Top non-repeatable levels by time:
    D:11: 2871 daAuts
  Lair:5: 2757 daAuts
  Lair:2: 2204 daAuts
   Orc:2: 1655 daAuts
    D:10: 1615 daAuts
  Lair:4: 1457 daAuts
     D:1: 1352 daAuts
    D:14: 1319 daAuts
     D:5: 1254 daAuts
     D:9: 1210 daAuts
  Lair:3: 1203 daAuts
     D:6: 1198 daAuts
     D:7: 1085 daAuts
     D:4: 1079 daAuts
     D:2: 1065 daAuts
